 Dungeon Crawl Stone Soup version 0.21.1-74-g47da925 (webtiles) character file.

43274 Garchi the Severer (level 13, -9/122 HPs)
             Began as a Minotaur Berserker on Aug 6, 2018.
             Was a High Priest of Trog.
             Mangled by Rupert
             ... wielding a +1 battleaxe of venom
              (12 damage)
             ... on level 6 of the Lair of Beasts.
             The game lasted 01:18:40 (19295 turns).

Garchi the Severer (Minotaur Berserker)            Turns: 19295, Time: 01:18:51

Health: -9/122     AC: 19    Str: 26    XL:     13   Next: 89%
Magic:  12/12      EV: 10    Int:  4    God:    Trog [*****.]
Gold:   1367       SH: 13    Dex: 11    Spells: 12/12 levels left

rFire    + . .     SeeInvis .   J - +8 broad axe "Oplih" {vamp, MR+}
rCold    x . .     Gourm    .   A - +0 shield
rNeg     . . .     Faith    .   C - +0 plate armour
rPois    .         Spirit   .   (helmet restricted)
rElec    .         Reflect  .   u - +0 cloak
rCorr    .         Harm     .   t - +0 pair of gloves
MR       +++..                  (no boots)
Stlth    ..........             Q - amulet of rage
HPRegen  1.30/turn              j - ring of fire
MPRegen  0.13/turn              i - ring of stealth

@: lethally poisoned (-9 -> -11), berserk cooldown, very slightly contaminated,
regenerating, slowed, very slow
A: retaliatory headbutt, horns 2
a: Berserk, Trog's Hand, Brothers in Arms, Burn Spellbooks, Renounce Religion,
Evoke Berserk Rage


You were on level 6 of the Lair of Beasts.
You worshipped Trog.
Trog was extremely pleased with you.
You were near starving.

You visited 3 branches of the dungeon, and saw 17 of its levels.

You collected 1367 gold pieces.

Inventory:

Hand Weapons
 a - a +5 hand axe of flaming
 F - a +6 antimagic hand axe
 G - a +4 antimagic broad axe
 J - the +8 broad axe "Oplih" (weapon) {vamp, MR+}
   (You acquired it on level 3 of the Lair of Beasts)

   It inflicts no extra harm, but heals its wielder when it wounds a living foe.
   It affects your resistance to hostile enchantments.
 R - a +1 battleaxe of electrocution
Missiles
 m - 332 arrows
Armour
 t - a +0 pair of gloves (worn)
 u - a +0 cloak (worn)
 A - a +0 shield (worn)
 B - a +0 chain mail
 C - a +0 plate armour (worn)
 K - a scarf of cloud immunity
 O - the +0 leather armour of Minor Irritation {-Tele rC+ Slay+3}
   (You found it on level 9 of the Dungeon)

   It affects your accuracy and damage with ranged weapons and melee attacks
   (+3).
   It protects you from cold.
   It prevents most forms of teleportation.
Jewellery
 h - an uncursed amulet of the gourmand
 i - a ring of stealth (right hand)
 j - a ring of fire (left hand)
 o - a +3 amulet of reflection
 L - an uncursed ring of protection from cold
 Q - an amulet of rage (around neck)
Wands
 v - a wand of iceblast (8)
 E - a wand of disintegration (27)
Scrolls
 k - 7 scrolls of remove curse
 q - 3 scrolls of identify
 s - 3 scrolls of enchant weapon
 x - a scroll of magic mapping
 y - a scroll of fog
 I - a scroll of teleportation
 S - a scroll of blinking
Potions
 b - a potion of invisibility {unknown}
 d - 4 potions of haste
 e - 2 potions of brilliance
 l - 7 potions of curing
 n - a potion of resistance
 p - 2 potions of degeneration {unknown}
 r - 2 potions of agility
 w - 2 potions of flight
 D - 2 potions of mutation {unknown}
 H - 3 potions of lignification {unknown}
Miscellaneous
 M - a crystal ball of energy
Comestibles
 c - 34 rations


   Skills:
 + Level 13.2 Fighting
 + Level 16.1 Axes
 + Level 13.5 Armour
 + Level 6.4 Dodging
 + Level 2.2 Stealth
 + Level 12.3 Shields
 - Level 0.6 Unarmed Combat
 + Level 0.1 Evocations


You had 12 spell levels left.
You didn't know any spells.

Dungeon Overview and Level Annotations

Branches:
Dungeon (10/15)            Temple (0/1) D:5            Lair (6/6) D:9
  Swamp (0/4) Lair:3       Spider (0/4) Lair:4          Orc (1/2) D:10
  Slime: Lair:5-6

Altars:
Ashenzari
Cheibriados
Dithmenos
Fedhas
Hepliaklqana
Sif Muna
Trog
Uskayaw
Wu Jian
Xom
Yredelemnul
Zin

Shops:
D:9 (

Annotations:
Lair:2 exclusion: oklob plant
Lair:5 exclusion: 2 oklob plants
Lair:6 Rupert


Innate Abilities, Weirdness & Mutations

You reflexively headbutt those who attack you in melee.
You have a pair of horns on your head.


Message History

* * * LOW HITPOINT WARNING * * *
You feel very sick.
The blink frog blinks! x5; You block Rupert's attack.
The blink frog blinks! x3
Blink to where?
Press: ? - help, Dir - move target cursor, f - you
Okay, then.
Okay, then.
You feel much better.
You feel very sick. You block Rupert's attack.
Rupert hits you with a battleaxe of venom!
* * * LOW HITPOINT WARNING * * *
Your skin crawls.
You feel resistant to hostile enchantments.
You are near starving!
You feel very sick.
Rupert hits you with a battleaxe of venom!
* * * LOW HITPOINT WARNING * * *
Rupert hits you with a battleaxe of venom!
You die...

## ###.. ##P#P
#.####PPPP. ..#P#.
#.@PP..... ?.....
#.@.......###......
#..######..#F......
#...#####.....P..[.
##.#..#..F....P.#
#.........§....# ##
#....§...@†...##
#P##
###...F..F..#.#
#..####
###........F..#


You could see Rupert (berserk).

Vanquished Creatures
  Snorg (Lair:6)
  3 hydras
  A two-headed ogre (D:9)
  Erica (D:9)
  3 unseen horrors
  An orb spider (Lair:4)
  An ugly thing (D:9)
  6 elephants
  A black mamba (Lair:2)
  A torpor snail (Lair:5)
  16 spiny frogs
  2 centaur skeletons (D:10)
  5 rime drakes
  The ghost of p0werm0de the Grave Robber, a novice OpNe of Xom (D:7)
  10 komodo dragons
  A queen bee (Lair:2)
  A troll (D:9)
  2 polar bears
  A slime creature (D:9)
  21 blink frogs
  7 dream sheep (Lair:6)
  3 hippogriffs
  Sigmund (D:4)
  3 wyverns
  4 hogs (D:7)
  The ghost of wojtek the Chopper, an amateur MiFi (D:4)
  41 yaks
  Grum (D:10)
  Eustachio (D:4)
  A human (D:7)
  5 basilisks
  2 hungry ghosts
  10 porcupines
  9 water moccasins
  A black bear (D:9)
  4 orc warriors
  3 ice beasts
  A necrophage (D:9)
  2 phantoms
  7 ogres
  4 centaurs
  7 wolves
  14 crocodiles
  A big kobold (D:10)
  8 bullfrogs
  2 wyvern zombies
  A water moccasin zombie (D:10)
  33 killer bees
  4 spriggan skeletons (D:10)
  A troll skeleton (D:10)
  2 howler monkeys
  3 crimson imps
  4 centaur zombies
  A bullfrog zombie (D:10)
  2 orc priests
  7 hounds
  6 orc wizards
  2 bullfrog skeletons
  3 jellies
  7 iguanas
  Ijyb (D:4)
  Natasha (twice) (D:3)
  5 worker ants
  3 hound zombies
  A hound skeleton (D:6)
  Robin (D:4)
  A howler monkey zombie (D:10)
  A worker ant zombie (D:6)
  A howler monkey skeleton (D:10)
  A gnoll (D:6)
  12 adders
  3 shadow imps
  An ooze (D:2)
  5 adder skeletons
  3 worms
  12 leopard geckos
  27 orcs
  8 giant cockroaches
  2 gnoll zombies (D:7)
  16 goblins
  7 hobgoblins
  10 kobolds
  6 quokkas
  A ball python (D:6)
  4 bats
  8 frilled lizards
  A jackal zombie (D:6)
  2 quokka zombies
  12 rats
  A fungus (Lair:3)
  5 plants
461 creatures vanquished.

Vanquished Creatures (others)
  An orc wizard (D:8)
  An orc (Orc:1)
  A goblin (D:4)
  7 fungi
  6 plants
16 creatures vanquished.

Grand Total: 477 creatures vanquished

Notes
Turn   | Place    | Note
-------+----------+-------------------------------------------
     0 | D:1      | Garchi the Minotaur Berserker began the quest for the Orb.
     0 | D:1      | Reached XP level 1. HP: 19/19 MP: 0/0
    59 | D:1      | HP: 1/20 [hobgoblin/club (3)]
   577 | D:1      | Reached XP level 2. HP: 22/27 MP: 1/1
   663 | D:1      | Reached skill level 4 in Axes
  1064 | D:2      | Reached XP level 3. HP: 32/33 MP: 2/2
  1634 | D:3      | Reached ** piety under Trog
  1642 | D:3      | Found a glowing drain.
  1650 | D:3      | Reached XP level 4. HP: 35/40 MP: 3/3
  1867 | D:3      | Found an ornate altar of the Wu Jian Council.
  1871 | D:3      | Reached skill level 1 in Stealth
  2146 | D:3      | Noticed Natasha
  2165 | D:3      | Killed Natasha
  2502 | D:4      | Noticed Eustachio
  2512 | D:4      | Reached skill level 5 in Axes
  2513 | D:4      | Killed Eustachio
  2513 | D:4      | Reached XP level 5. HP: 34/47 MP: 4/4
  2515 | D:4      | Reached XP level 6. HP: 32/53 MP: 5/5
  2753 | D:3      | Noticed Natasha
  2763 | D:3      | Killed Natasha
  2763 | D:3      | Reached skill level 6 in Axes
  2984 | D:4      | Noticed Ijyb
  3013 | D:4      | Killed Ijyb
  3121 | D:4      | Found a shattered altar of Ashenzari.
  3546 | D:4      | Noticed Robin
  3548 | D:4      | Noticed wojtek's ghost (amateur MiFi)
  3557 | D:4      | Reached *** piety under Trog
  3562 | D:4      | Killed Robin
  3567 | D:4      | Killed wojtek's ghost
  3567 | D:4      | Reached skill level 5 in Fighting
  3567 | D:4      | Reached XP level 7. HP: 60/61 MP: 6/6
  3574 | D:4      | Noticed Sigmund
  3672 | D:4      | Killed Sigmund
  3672 | D:4      | Reached skill level 7 in Axes
  3672 | D:4      | Reached skill level 5 in Armour
  3672 | D:4      | Reached skill level 1 in Shields
  4325 | D:5      | Entered Level 5 of the Dungeon
  4697 | D:5      | Reached XP level 8. HP: 65/70 MP: 7/7
  4852 | D:5      | Found a staircase to the Ecumenical Temple.
  5253 | D:6      | Reached skill level 8 in Axes
  5855 | D:6      | Reached **** piety under Trog
  6311 | D:6      | Reached skill level 9 in Axes
  6714 | D:6      | Reached XP level 9. HP: 77/79 MP: 8/8
  6914 | D:7      | Found a hazy altar of Hepliaklqana.
  6938 | D:7      | Noticed p0werm0de's ghost (novice OpNe)
  6949 | D:7      | Killed p0werm0de's ghost
  6949 | D:7      | Reached skill level 10 in Axes
  7368 | D:7      | Reached skill level 5 in Shields
  7761 | D:7      | Reached ***** piety under Trog
  7854 | D:7      | Found a basalt altar of Yredelemnul.
  7916 | D:8      | Reached skill level 11 in Axes
  7916 | D:8      | Reached XP level 10. HP: 80/89 MP: 9/9
  8309 | D:8      | Found a deep blue altar of Sif Muna.
  8452 | D:8      | Found a bloodstained altar of Trog.
  8843 | D:8      | Found a faded altar of an unknown god.
  8843 | D:8      | Found a shimmering altar of Xom.
  8851 | D:8      | Found a glowing silver altar of Zin.
  8866 | D:8      | Found a hide-covered altar of Uskayaw.
  9234 | D:8      | Found a blossoming altar of Fedhas.
  9584 | D:9      | Found a staircase to the Lair.
  9599 | D:9      | Found Keud's Weapon Shoppe.
  9615 | D:9      | Received a gift from Trog
 10013 | D:9      | Found a shadowy altar of Dithmenos.
 10194 | D:9      | Reached skill level 5 in Dodging
 10206 | D:9      | Noticed a cyan ugly thing
 10206 | D:9      | Noticed Erica
 10221 | D:9      | Killed a cyan ugly thing
 10222 | D:9      | Killed Erica
 10222 | D:9      | Reached skill level 12 in Axes
 10262 | D:9      | Killed an unseen horror
 10450 | D:9      | Reached skill level 10 in Armour
 10469 | D:9      | Noticed a two-headed ogre
 10479 | D:9      | Killed a two-headed ogre
 10479 | D:9      | Reached XP level 11. HP: 71/97 MP: 10/10
 10899 | D:9      | Found a snail-covered altar of Cheibriados.
 10908 | D:9      | Got a shimmering leather armour
 10950 | D:9      | Identified the +0 leather armour of Minor Irritation {-Tele rC+ Slay+3} (You found it on level 9 of the Dungeon)
 11194 | D:10     | Entered Level 10 of the Dungeon
 11339 | D:10     | Noticed Grum
 11351 | D:10     | Killed Grum
 11440 | D:10     | Found a staircase to the Orcish Mines.
 11520 | D:10     | Killed an unseen horror
 11937 | D:10     | Reached skill level 10 in Fighting
 12016 | D:10     | Killed an unseen horror
 12324 | D:10     | Reached skill level 13 in Axes
 12337 | Orc:1    | Entered Level 1 of the Orcish Mines
 12416 | Lair:1   | Entered Level 1 of the Lair of Beasts
 12416 | Lair:1   | Found a labyrinth entrance.
 12583 | Lair:1   | Received a gift from Trog
 13393 | Lair:1   | Reached XP level 12. HP: 108/108 MP: 11/11
 14142 | Lair:2   | Noticed a five-headed hydra
 14152 | Lair:2   | Killed a one-headed hydra
 14193 | Lair:2   | Reached skill level 14 in Axes
 14249 | Lair:2   | Reached skill level 10 in Shields
 14623 | Lair:2   | Noticed a six-headed hydra
 14632 | Lair:2   | Killed a two-headed hydra
 14988 | Lair:2   | Received a gift from Trog
 15885 | Lair:3   | Reached XP level 13. HP: 97/117 MP: 12/12
 16218 | Lair:3   | Identified a scroll of acquirement
 16223 | Lair:3   | Got a slimy broad axe
 16225 | Lair:3   | Identified the +8 broad axe "Oplih" {vamp, MR+} (You acquired it on level 3 of the Lair of Beasts)
 16292 | Lair:3   | Found a staircase to the Swamp.
 17552 | Lair:4   | Found a hole to the Spider Nest.
 17811 | Lair:4   | Reached skill level 15 in Axes
 18490 | Lair:5   | Received a gift from Trog
 18777 | Lair:6   | Entered Level 6 of the Lair of Beasts
 18829 | Lair:6   | Noticed Snorg
 18850 | Lair:6   | Killed Snorg
 18908 | Lair:6   | Reached skill level 16 in Axes
 19262 | Lair:6   | Noticed Rupert
 19268 | Lair:6   | Paralysed by Rupert for 6 turns
 19293 | Lair:6   | HP: 6/122 [poisoned by Rupert]
 19295 | Lair:6   | Mangled by Rupert

Skill      XL: |  1  2  3  4  5  6  7  8  9 10 11 12 13 |
---------------+----------------------------------------+-----
Axes           | 4 5 6 7 9 11 12 13 14 16 | 16.1
Fighting       | 4 5 6 7 8 9 10 11 13 | 13.2
Stealth        | 1 2 |  2.2
Armour         | 4 5 7 8 10 11 12 13 | 13.5
Dodging        | 3 4 5 6 |  6.4
Shields        | 1 3 5 7 9 11 12 | 12.3
Unarmed Combat | |  0.6
Evocations     | |  0.1

Action                   |  1- 3 |  4- 6 |  7- 9 | 10-12 | 13-15 || total
-------------------------+-------+-------+-------+-------+-------++-------
Melee: Hand axe          |    84 |    90 |   263 |   751 |    56 ||  1244
       Headbutt          |     7 |    14 |    51 |   149 |    63 ||   284
       Unarmed           |       |     9 |       |       |       ||     9
       Broad axe         |       |       |       |       |   212 ||   212
Invok: Berserk           |       |     2 |     1 |     1 |     1 ||     5
       Trog's Hand       |       |     1 |       |       |     1 ||     2
       Burn Spellbooks   |       |       |       |     2 |       ||     2
Evoke: Wand              |       |       |     1 |       |       ||     1
  Use: Scroll            |     4 |     1 |    17 |     7 |     5 ||    34
       Potion            |       |       |       |     4 |     3 ||     7
 Stab: Sleeping          |     1 |       |       |       |       ||     1
  Eat: Ration            |     1 |     1 |     4 |     6 |     4 ||    16
       Chunk             |       |     4 |     6 |     6 |     2 ||    18
Armor: Animal skin       |    11 |       |       |       |       ||    11
       Chain mail        |    32 |    48 |    57 |   153 |       ||   290
       Plate armour      |       |       |       |   116 |   116 ||   232
Dodge: Dodged            |    48 |    48 |    51 |   145 |    78 ||   370
Block: Other             |       |     4 |       |       |       ||     4
       Shield            |       |    15 |   118 |   386 |   158 ||   677
       Reflection        |       |     3 |     8 |    10 |       ||    21
